| TOP OF THE 1ST |
|
Knoxville Blue Jays batting - Pitching for Mobile Bears : RHP Ismael Sagastume
|
|
Pitching: RHP Ismael Sagastume
|
|
|
Batting: RHB Jerry Royster
|
0-0: Ball 1-0: Ground out 6-3 (Groundball, 6, EV 88.8 MPH)
|
|
Batting: RHB Jose Canseco
|
0-0: Foul Ball, location: 2F 0-1: Fly out, F7 (Flyball, 7D, EV 106.9 MPH)
|
|
Batting: RHB Fritzie Connally
|
0-0: Ball 1-0: Ball 2-0: Called Strike 2-1: Foul Ball, location: 2F 2-2: Ball 3-2: Ground out 4-3 (Groundball, 4, EV 82.5 MPH)
|
| Top of the 1st over - 0 runs, 0 hits, 0 errors, 0 left on base; Knoxville 0 - Mobile 0 |
| BOTTOM OF THE 1ST |
|
Mobile Bears batting - Pitching for Knoxville Blue Jays : RHP Randy Bockus
|
|
Pitching: RHP Randy Bockus
|
|
|
Batting: LHB Jeffrey Szczecinski
|
0-0: Foul Ball, location: 2F 0-1: Foul Ball, location: 2F 0-2: Ball 1-2: Foul Ball, location: 2F 1-2: Ball 2-2: Ground out 5-3 (Groundball, 5, EV 88.1 MPH)
|
|
Batting: RHB Bob Hendershot
|
0-0: Ball 1-0: SINGLE (Line Drive, 9S, EV 93.1 MPH)
|
|
Batting: LHB Franklin Stubbs
|
0-0: Ball 1-0: Fly out, F7 (Flyball, 7LS, EV 84.4 MPH)
|
|
Batting: SHB Dave Cochrane
|
0-0: Ball 1-0: Ball 2-0: Ground out 1-3 (Groundball, 13S, EV 71.3 MPH)
|
| Bottom of the 1st over - 0 runs, 1 hit, 0 errors, 1 left on base; Knoxville 0 - Mobile 0 |
| TOP OF THE 2ND |
|
Knoxville Blue Jays batting - Pitching for Mobile Bears : RHP Ismael Sagastume
|
|
Batting: LHB Dan Logan
|
0-0: Ball 1-0: Ball 2-0: Ball 3-0: Called Strike 3-1: Called Strike 3-2: Base on Balls
|
|
Batting: RHB Alex Villalobos
|
0-0: Called Strike 0-1: Foul Ball, location: 2F 0-2: Foul Ball, location: 2F 0-2: Ball 1-2: Foul Ball, location: 2F 1-2: Fielders Choice at 2nd, 3-6 (Groundball, 3, EV 84.4 MPH)
|
|
Batting: LHB Paul O'Neill
|
0-0: Ball 1-0: Ball 2-0: Foul Ball, location: 2F 2-1: Foul Ball, location: 2F 2-2: Foul Ball, location: 2F 2-2: Fielders Choice at 2nd, 6-4 (Groundball, 6, EV 88.8 MPH)
|
|
Batting: RHB Eugene Pallavicini
|
0-0: Ball Paul O'Neill steals 2nd base 1-0: Foul Ball, location: 2F 1-1: SINGLE (Flyball, 6D, EV 89.4 MPH) Paul O'Neill to third Runner from 3rd tries for Home, SAFE, throw by LF to home
|
|
Batting: RHB Kenny Hanes
|
0-0: Ball 1-0: Ball 2-0: Fly out, F4 (Flyball, 4D, EV 92.5 MPH)
|
| Top of the 2nd over - 1 run, 1 hit, 0 errors, 1 left on base; Knoxville 1 - Mobile 0 |
| BOTTOM OF THE 2ND |
|
Mobile Bears batting - Pitching for Knoxville Blue Jays : RHP Randy Bockus
|
|
Batting: RHB Jose Aguirre
|
0-0: Called Strike 0-1: Foul Ball, location: 2F 0-2: Ball 1-2: Ball 2-2: Ground out 4-3 (Groundball, 13, EV 85.6 MPH)
|
|
Batting: SHB Paul Hundhammer
|
0-0: Ball 1-0: Called Strike 1-1: Ball 2-1: Foul Ball, location: 2F 2-2: Foul Ball, location: 2F 2-2: Ball 3-2: Foul Ball, location: 2F 3-2: Foul Ball, location: 2F 3-2: Base on Balls
|
|
Batting: LHB Douglas Latrenta
|
0-0: Foul Ball, location: 2F 0-1: Ball Wild Pitch! Paul Hundhammer to second 1-1: Ball 2-1: Ball 3-1: Foul Ball, location: 2F 3-2: Foul Ball, location: 2F 3-2: Base on Balls
|
|
Batting: RHB Jim Opie
|
0-0: Ball 1-0: Fielders Choice at 2nd, 4-6 (Groundball, 34, EV 104.4 MPH) Paul Hundhammer to third
|
|
Batting: RHB Alfred Welch
|
0-0: Ball 1-0: Called Strike Jim Opie steals 2nd base 1-1: Ball 2-1: Foul Ball, location: 2F 2-2: Ball 3-2: Ground out 1-3 (Groundball, 13, EV 73.8 MPH)
|
| Bottom of the 2nd over - 0 runs, 0 hits, 0 errors, 2 left on base; Knoxville 1 - Mobile 0 |
| TOP OF THE 3RD |
|
Knoxville Blue Jays batting - Pitching for Mobile Bears : RHP Ismael Sagastume
|
|
Batting: RHB Dave Hogg
|
0-0: Foul Ball, location: 2F 0-1: Swinging Strike 0-2: Reached on error, E6 (Groundball, 6, EV 97.5 MPH)
|
|
Batting: RHB Jerry Royster
|
0-0: Fly out, F8 (Flyball, 8RM, EV 80.6 MPH)
|
|
Batting: RHB Jose Canseco
|
0-0: Swinging Strike 0-1: Foul Ball, location: 2F 0-2: Ball 1-2: Ball 2-2: Ball 3-2: SINGLE (Groundball, 6S, EV 75.6 MPH) (infield hit) Dave Hogg to second
|
|
Batting: RHB Fritzie Connally
|
0-0: SINGLE (Flyball, 9LS, EV 91.9 MPH) Dave Hogg to third Jose Canseco to second Runner from 3rd tries for Home, SAFE, throw by RF to home
|
|
Batting: LHB Dan Logan
|
0-0: Called Strike 0-1: Foul Ball, location: 2F 0-2: Foul Ball, location: 2F 0-2: Foul Ball, location: 2F 0-2: Ball 1-2: Strikes out looking
|
|
Batting: RHB Alex Villalobos
|
0-0: Ball 1-0: Ball 2-0: Foul Ball, location: 2F 2-1: Ball 3-1: SINGLE (Flyball, 7LS, EV 90.6 MPH) Jose Canseco to third Fritzie Connally to second Runner from 3rd tries for Home, SAFE, throw by LF to home
|
|
Batting: LHB Paul O'Neill
|
0-0: Ball 1-0: Ball 2-0: Foul Ball, location: 2F 2-1: Ball 3-1: Foul Ball, location: 2F 3-2: Base on Balls Fritzie Connally to third Alex Villalobos to second
|
|
Batting: RHB Eugene Pallavicini
|
0-0: Called Strike 0-1: Swinging Strike 0-2: Ball 1-2: Strikes out looking
|
| Top of the 3rd over - 2 runs, 3 hits, 1 error, 3 left on base; Knoxville 3 - Mobile 0 |
| BOTTOM OF THE 3RD |
|
Mobile Bears batting - Pitching for Knoxville Blue Jays : RHP Randy Bockus
|
|
Batting: LHB Jeffrey Szczecinski
|
0-0: Ball 1-0: Foul Ball, location: 2F 1-1: Ground out U3 (Groundball, 3L, EV 107.5 MPH)
|
|
Batting: RHB Bob Hendershot
|
0-0: Foul Ball, location: 2F 0-1: Ground out 1-3 (Groundball, 13, EV 68.8 MPH)
|
|
Batting: LHB Franklin Stubbs
|
0-0: SINGLE (Line Drive, 56D, EV 95.6 MPH)
|
|
Batting: SHB Dave Cochrane
|
0-0: Ball 1-0: Swinging Strike 1-1: Fly out, F9 (Flyball, 9S, EV 88.8 MPH)
|
| Bottom of the 3rd over - 0 runs, 1 hit, 0 errors, 1 left on base; Knoxville 3 - Mobile 0 |
| TOP OF THE 4TH |
|
Knoxville Blue Jays batting - Pitching for Mobile Bears : RHP Ismael Sagastume
|
|
Batting: RHB Kenny Hanes
|
0-0: Ball 1-0: Ball 2-0: Foul Ball, location: 2F 2-1: Fly out, F9 (Flyball, 89S, EV 78.1 MPH)
|
|
Batting: RHB Dave Hogg
|
0-0: Called Strike 0-1: Ball 1-1: Foul Ball, location: 2F 1-2: Ball 2-2: Ball 3-2: Foul Ball, location: 2F 3-2: Fly out, F8 (Flyball, 8RXD, EV 101.9 MPH)
|
|
Batting: RHB Jerry Royster
|
0-0: Called Strike 0-1: Ball 1-1: Ball 2-1: Ball 3-1: Called Strike 3-2: Foul Ball, location: 2F 3-2: Base on Balls
|
|
Batting: RHB Jose Canseco
|
0-0: Called Strike 0-1: Fielders Choice at 2nd, 6-4 (Groundball, 56, EV 90.6 MPH)
|
| Top of the 4th over - 0 runs, 0 hits, 0 errors, 1 left on base; Knoxville 3 - Mobile 0 |
| BOTTOM OF THE 4TH |
|
Mobile Bears batting - Pitching for Knoxville Blue Jays : RHP Randy Bockus
|
|
Batting: RHB Jose Aguirre
|
0-0: Ball 1-0: SINGLE (Groundball, 56D, EV 110.6 MPH)
|
|
Batting: SHB Paul Hundhammer
|
0-0: Ball 1-0: Ball 2-0: Swinging Strike 2-1: Foul Ball, location: 2F 2-2: Fly out, F7 (Flyball, 7, EV 83.8 MPH)
|
|
Batting: LHB Douglas Latrenta
|
0-0: Ball 1-0: Called Strike 1-1: Called Strike 1-2: Ball 2-2: Ball 3-2: Foul Ball, location: 2F 3-2: Foul Ball, location: 2F 3-2: Grounds into double play, 5-4-3 (Groundball, 56S, EV 84.4 MPH)
|
| Bottom of the 4th over - 0 runs, 1 hit, 0 errors, 0 left on base; Knoxville 3 - Mobile 0 |
| TOP OF THE 5TH |
|
Knoxville Blue Jays batting - Pitching for Mobile Bears : RHP Ismael Sagastume
|
|
Batting: RHB Fritzie Connally
|
0-0: Called Strike 0-1: Ball 1-1: Ball 2-1: Swinging Strike 2-2: Foul Ball, location: 2F 2-2: Fly out, F8 (Line Drive, 8LD, EV 101.9 MPH)
|
|
Batting: LHB Dan Logan
|
0-0: Called Strike 0-1: Foul Ball, location: 2F 0-2: Ball 1-2: Ball 2-2: Foul Ball, location: 2F 2-2: Foul Ball, location: 2F 2-2: Foul Ball, location: 2F 2-2: Fly out, F5 (Popup, 56S, EV 77.5 MPH)
|
|
Batting: RHB Alex Villalobos
|
0-0: Foul Ball, location: 2F 0-1: Ball 1-1: Ball 2-1: Foul Ball, location: 2F 2-2: Ground out 6-3 (Groundball, 6, EV 80.0 MPH)
|
| Top of the 5th over - 0 runs, 0 hits, 0 errors, 0 left on base; Knoxville 3 - Mobile 0 |
| BOTTOM OF THE 5TH |
|
Mobile Bears batting - Pitching for Knoxville Blue Jays : RHP Randy Bockus
|
|
Batting: RHB Jim Opie
|
0-0: Called Strike 0-1: Fly out, F7 (Line Drive, 7D, EV 90.6 MPH)
|
|
Batting: RHB Alfred Welch
|
0-0: Ball 1-0: Called Strike 1-1: Ball 2-1: Ball 3-1: Base on Balls
|
|
Batting: LHB Jeffrey Szczecinski
|
0-0: Ball 1-0: Ball 2-0: Called Strike 2-1: Fielders Choice at 2nd, 3-6 (Groundball, 34, EV 91.3 MPH)
|
|
Batting: RHB Bob Hendershot
|
0-0: Ball 1-0: Ball Jeffrey Szczecinski steals 2nd base 2-0: Foul Ball, location: 2F 2-1: Fly out, F8 (Flyball, 89D, EV 100.0 MPH)
|
| Bottom of the 5th over - 0 runs, 0 hits, 0 errors, 1 left on base; Knoxville 3 - Mobile 0 |
| TOP OF THE 6TH |
|
Knoxville Blue Jays batting - Pitching for Mobile Bears : RHP Ismael Sagastume
|
|
Batting: LHB Paul O'Neill
|
0-0: Ball 1-0: Ball 2-0: Ball 3-0: Called Strike 3-1: Swinging Strike 3-2: Base on Balls
|
|
Batting: RHB Eugene Pallavicini
|
0-0: Ball 1-0: Bunted foul 1-1: Bunted foul 1-2: Foul Ball, location: 2F 1-2: Ball 2-2: Grounds into double play, 6-4-3 (Groundball, 6, EV 111.3 MPH)
|
|
Batting: RHB Kenny Hanes
|
0-0: Ball 1-0: Ground out 4-3 (Groundball, 4, EV 80.6 MPH)
|
| Top of the 6th over - 0 runs, 0 hits, 0 errors, 0 left on base; Knoxville 3 - Mobile 0 |
| BOTTOM OF THE 6TH |
|
Mobile Bears batting - Pitching for Knoxville Blue Jays : RHP Randy Bockus
|
|
Batting: LHB Franklin Stubbs
|
0-0: Ball 1-0: Foul Ball, location: 2F 1-1: Ball 2-1: Ball 3-1: SOLO HOME RUN (Flyball, 9LD, EV 93.1 MPH), Distance : 346 ft
|
|
Batting: SHB Dave Cochrane
|
0-0: Ball 1-0: Ball 2-0: Called Strike 2-1: Ground out 4-3 (Groundball, 4, EV 79.4 MPH)
|
|
Batting: RHB Jose Aguirre
|
0-0: Ball 1-0: Ground out 4-3 (Groundball, 34D, EV 91.3 MPH)
|
|
Batting: SHB Paul Hundhammer
|
0-0: Ball 1-0: Ball 2-0: Foul Ball, location: 2F 2-1: Fly out, F8 (Flyball, 89D, EV 85.0 MPH)
|
| Bottom of the 6th over - 1 run, 1 hit, 0 errors, 0 left on base; Knoxville 3 - Mobile 1 |
| TOP OF THE 7TH |
|
Knoxville Blue Jays batting - Pitching for Mobile Bears : RHP Ismael Sagastume
|
|
Batting: RHB Dave Hogg
|
0-0: Ball 1-0: Foul Ball, location: 2F 1-1: Called Strike 1-2: Strikes out swinging
|
|
Batting: RHB Jerry Royster
|
0-0: Called Strike 0-1: Ball 1-1: Ground out 5-3 (Groundball, 56, EV 102.5 MPH)
|
|
Batting: RHB Jose Canseco
|
0-0: Fly out, F6 (Popup, 6, EV 76.9 MPH)
|
| Top of the 7th over - 0 runs, 0 hits, 0 errors, 0 left on base; Knoxville 3 - Mobile 1 |
| BOTTOM OF THE 7TH |
|
Mobile Bears batting - Pitching for Knoxville Blue Jays : RHP Randy Bockus
|
|
Batting: LHB Douglas Latrenta
|
0-0: Ball 1-0: Ground out 3-1 (Groundball, 34, EV 102.5 MPH)
|
|
Batting: RHB Jim Opie
|
0-0: Ball 1-0: Ball 2-0: DOUBLE (Line Drive, 3D, EV 100.6 MPH)
|
|
Batting: RHB Alfred Welch
|
0-0: Swinging Strike 0-1: Ball 1-1: Ground out 6-3 (Groundball, 6, EV 101.3 MPH)
|
|
Batting: LHB Jeffrey Szczecinski
|
0-0: Ball 1-0: Foul Ball, location: 2F 1-1: Ground out 6-3 (Groundball, 6, EV 105.6 MPH)
|
| Bottom of the 7th over - 0 runs, 1 hit, 0 errors, 1 left on base; Knoxville 3 - Mobile 1 |
| TOP OF THE 8TH |
|
Knoxville Blue Jays batting - Pitching for Mobile Bears : RHP Ismael Sagastume
|
|
Batting: RHB Fritzie Connally
|
0-0: Called Strike 0-1: Swinging Strike 0-2: Ball 1-2: Ball 2-2: Ball 3-2: Strikes out swinging
|
|
Batting: LHB Dan Logan
|
0-0: Ground out 6-3 (Groundball, 6M, EV 82.5 MPH)
|
|
Batting: RHB Alex Villalobos
|
0-0: Called Strike 0-1: Foul Ball, location: 2F 0-2: Foul Ball, location: 2F 0-2: Strikes out swinging
|
| Top of the 8th over - 0 runs, 0 hits, 0 errors, 0 left on base; Knoxville 3 - Mobile 1 |
| BOTTOM OF THE 8TH |
|
Mobile Bears batting - Pitching for Knoxville Blue Jays : RHP Randy Bockus
|
|
Batting: RHB Bob Hendershot
|
0-0: Ball 1-0: Ball 2-0: Foul Ball, location: 2F 2-1: Ball 3-1: Base on Balls
|
|
Batting: LHB Franklin Stubbs
|
0-0: Foul Ball, location: 2F 0-1: 2-RUN HOME RUN (Line Drive, 7D, EV 98.8 MPH), Distance : 373 ft
|
|
Batting: SHB Dave Cochrane
|
0-0: Ball 1-0: Called Strike 1-1: SINGLE (Groundball, 6D, EV 103.8 MPH)
|
|
Batting: RHB Jose Aguirre
|
0-0: Called Strike 0-1: Swinging Strike 0-2: Foul Ball, location: 2F 0-2: Ball 1-2: Ball 2-2: Ball 3-2: Ground out 4-3 (Groundball, 34, EV 105.0 MPH) Dave Cochrane to second
|
|
Batting: SHB Paul Hundhammer
|
0-0: Swinging Strike 0-1: Ball 1-1: Ground out U3 (Groundball, 3, EV 100.6 MPH) Dave Cochrane to third
|
|
Batting: LHB Douglas Latrenta
|
0-0: Ball 1-0: Swinging Strike 1-1: Ball 2-1: Ball 3-1: Fly out, F8 (Flyball, 8LS, EV 88.1 MPH)
|
| Bottom of the 8th over - 2 runs, 2 hits, 0 errors, 1 left on base; Knoxville 3 - Mobile 3 |
| TOP OF THE 9TH |
|
Knoxville Blue Jays batting - Pitching for Mobile Bears : RHP Ismael Sagastume
|
|
Pitching: RHP Dave S Smith
|
|
|
Batting: LHB Paul O'Neill
|
0-0: Called Strike 0-1: Swinging Strike 0-2: Foul Ball, location: 2F 0-2: Ball 1-2: Foul Ball, location: 2F 1-2: TRIPLE (Line Drive, 9LD, EV 105.6 MPH)
|
|
Batting: RHB Eugene Pallavicini
|
0-0: Foul Ball, location: 2F 0-1: Ball 1-1: Ball 2-1: Fly out, F9 (Flyball, 9D, EV 102.5 MPH) Runner from 3rd tags up, SCORES, no throw by RF
|
|
Batting: RHB Kenny Hanes
|
0-0: Called Strike 0-1: Ball 1-1: SINGLE (Flyball, 3D, EV 95.6 MPH)
|
|
Batting: RHB Dave Hogg
|
0-0: Called Strike 0-1: Foul Ball, location: 2F 0-2: Ball 1-2: Strikes out swinging
|
|
Batting: RHB Jerry Royster
|
0-0: Called Strike 0-1: Swinging Strike 0-2: Ball 1-2: SINGLE (Flyball, 8LS, EV 92.5 MPH) Kenny Hanes to second Runner from 2nd tries for 3rd, SAFE, throw by CF made to third
|
|
Batting: RHB Jose Canseco
|
0-0: Foul Ball, location: 2F 0-1: Ball 1-1: Swinging Strike 1-2: Ball 2-2: Ball 3-2: SINGLE (Line Drive, 78S, EV 112.5 MPH) Kenny Hanes scores Jerry Royster to second Jerry Royster to third
|
|
Batting: RHB Fritzie Connally
|
0-0: DOUBLE (Line Drive, 9LS, EV 93.1 MPH) Jerry Royster scores Jose Canseco to third Runner from 3rd tries for Home, throw by RF and OUT! 9-4-2
|
| Top of the 9th over - 3 runs, 5 hits, 0 errors, 1 left on base; Knoxville 6 - Mobile 3 |
| BOTTOM OF THE 9TH |
|
Mobile Bears batting - Pitching for Knoxville Blue Jays : RHP Randy Bockus
|
|
Pitching: LHP Jeff Haines
|
|
|
Now in RF: Brian Asselstine
|
|
|
Batting: RHB Jim Opie
|
0-0: Ground out 1-3 (Groundball, 15S, EV 71.9 MPH)
|
|
Batting: RHB Alfred Welch
|
0-0: Called Strike 0-1: Ball 1-1: Foul Ball, location: 2F 1-2: Strikes out swinging
|
|
Batting: LHB Jeffrey Szczecinski
|
0-0: Ball 1-0: Called Strike 1-1: Ball 2-1: Foul Ball, location: 2F 2-2: Ground out U3 (Groundball, 3L, EV 80.0 MPH)
|
| Bottom of the 9th over - 0 runs, 0 hits, 0 errors, 0 left on base; Knoxville 6 - Mobile 3 |
|